 Dungeon Crawl Stone Soup version 0.21-a0-171-g0f4a3b6 (webtiles) character file.

31 tilp the Firebug (level 3, 0/26 HPs)
             Began as a Hill Orc Fire Elementalist on Aug 7, 2017.
             Succumbed to an adder's poison
             ... on level 1 of the Dungeon.
             The game lasted 00:02:42 (853 turns).

tilp the Firebug (Hill Orc Fire Elementalist)        Turns: 853, Time: 00:02:42

Health: 0/26       AC:  2    Str: 10    XL:     3   Next: 22%
Magic:  1/6        EV: 12    Int: 16    God:
Gold:   54         SH:  0    Dex: 11    Spells: 5/6 levels left

rFire    . . .     SeeInvis .   d - +0 dagger
rCold    . . .     Gourm    .   (no shield)
rNeg     . . .     Faith    .   a - +0 robe
rPois    .         Spirit   .   (no helmet)
rElec    .         Reflect  .   (no cloak)
rCorr    .         Harm     .   (no gloves)
MR       .....     Clarity  +   (no boots)
Stlth    ++........             (no amulet)
HPRegen  0.08/turn              (no ring)
MPRegen  0.10/turn              (no ring)

@: lethally poisoned (0 -> -6), flying, very slightly contaminated, hasted, very
quick
A: clarity, sense surroundings 1, evolution 1
a: no special abilities


You were on level 1 of the Dungeon.
You were not hungry.

You visited 1 branch of the dungeon, and saw 2 of its levels.

You collected 54 gold pieces.

Inventory:

Hand Weapons
 d - a +0 dagger (weapon)
Missiles
 i - 76 stones (quivered)
Armour
 a - a +0 robe (worn)
Scrolls
 h - a scroll of identify {unknown}
 j - a scroll of remove curse {unknown}
Potions
 g - a potion of flight
Books
 b - a book of Flames

   Spells                             Type                      Level
   a - Flame Tongue                   Conjuration/Fire             1
   b - Throw Flame                    Conjuration/Fire             2
   c - Conjure Flame                  Conjuration/Fire             3
   d - Inner Flame                    Hexes/Fire                   3
   e - Sticky Flame                   Conjuration/Fire             4
   f - Fireball                       Conjuration/Fire             5
Comestibles
 c - a bread ration
 f - a meat ration
 m - a royal jelly


   Skills:
 - Level 1.5 Dodging
 - Level 1.5 Stealth
 - Level 2.1 Spellcasting
 + Level 2.4 Conjurations
 - Level 3.2 Fire Magic


You had 5 spell levels left.
You knew the following spells:

 Your Spells              Type           Power        Failure   Level  Hunger
a - Flame Tongue          Conj/Fire      ##...        6%          1    #......


Dungeon Overview and Level Annotations

Branches:
Dungeon (2/15)

Altars:


Innate Abilities, Weirdness & Mutations

You possess an exceptional clarity of mind.
You passively map a small area around you.
You evolve.


Message History

It was a potion of haste.
You feel yourself speed up.
* * * LOW HITPOINT WARNING * * *
You feel sick. The rat bites you but does no damage.
You closely miss the rat. You closely miss the rat.
* * * LOW HITPOINT WARNING * * *
You feel sick. The rat closely misses you.
You hit the rat.
The rat is heavily wounded.
The rat closely misses you.
You hit the rat.
You kill the rat!
* * * LOW HITPOINT WARNING * * *
You feel sick.
There is a stone staircase leading up here.
You fly upwards.
There is a stone staircase leading down here.
Sorry, you're not good enough to have a special ability.
There is a lethal amount of poison in your body!
You die...

#..................
#..............[...
#..........#....###
##...........#...##
#.............#.##
#.............#...
#..........#..#..#
#.......[........#
###########@.........#.##..#
#......................##...
#.#########...........####.#
#.# #...........## #.. #.#
###.##.......####. #.#
#....#.###...... #.#
######.########. #.#
###.##....... #.#
#...##...##..


There were no monsters in sight!

Vanquished Creatures
  An adder (D:2)
  2 dart slugs (D:1)
  2 leopard geckos (D:1)
  2 bats (D:1)
  A giant cockroach (D:1)
  A goblin (D:1)
  A hobgoblin (D:1)
  A kobold (D:1)
  3 frilled lizards (D:1)
  3 rats
17 creatures vanquished.

Notes
Turn   | Place    | Note
-------+----------+-------------------------------------------
     0 | D:1      | tilp the Hill Orc Fire Elementalist began the quest for the Orb.
     0 | D:1      | Reached XP level 1. HP: 14/14 MP: 3/3
   120 | D:1      | Reached XP level 2. HP: 19/20 MP: 3/5
   841 | D:2      | Reached XP level 3. HP: 7/26 MP: 0/6
   844 | D:2      | Gained mutation: You possess an exceptional clarity of mind. [potion of mutation]
   844 | D:2      | Gained mutation: You evolve. [potion of mutation]
   844 | D:2      | Gained mutation: You passively map a small area around you. [potion of mutation]
   850 | D:2      | HP: 1/26 [poisoned by an adder]
   853 | D:1      | Succumbed to an adder's poison

Vault maps used:
D:1:      dpeg_arrival_lava_altar, serial_corexii_hall,
          corexii_hall_statues_deadend, corexii_hall_statues_l
D:2:      lemuel_coloured_pillars_altar, nicolae_ashenzari_panopticon,
          uniq_terence

Skill      XL: |  1  2 |
---------------+-------+-----
Spellcasting   | 2 |  2.1
Conjurations   | 2 |  2.4
Dodging        | |  1.5
Stealth        | |  1.5
Fire Magic     | |  3.2

Action                   || total
-------------------------++-------
Melee: Dagger            ||    45
 Cast: Flame Tongue      ||    19
  Use: Potion            ||     3
Armor: Robe              ||    10
Dodge: Dodged            ||    29
